[Event "Titled Tuesday Blitz November 15 Late 2022"]
[White "Tan, Zhongyi"]
[Black "Poliakova, Varvara"]
[WhiteFideId "8603642"]
[BlackFideId "13518313"]
[WhiteElo "2510"]
[BlackElo "2099"]
[Result "1-0"]
[Round "07"]
[TimeControl "180+1"]
[Date "2022.11.16"]
[WhiteClock "0:00:08"]
[BlackClock "0:00:13"]

1. d4 f5 2. c4 d6 3. Nf3 Nf6 4. g3 g6 5. Bg2 Bg7 6. O-O O-O 7. Nc3 Nc6 8. d5 Ne5 9. Nxe5 dxe5 10. Qb3 e6 11. Rd1 Qe7 12. Bg5 e4 13. Rac1 h6 14. Bxf6 Bxf6 15. c5 Kg7 16. d6 Qf7 17. dxc7 Qxc7 18. Nb5 Qe7 19. c6 bxc6 20. Rxc6 Be5 21. Nd4 Re8 22. Qb5 Bb8 23. Rc2 Bb7 24. Nc6 Bxc6 25. Qxc6 Bxg3 26. Rd7 Bxf2+ 27. Kxf2 Kf7 28. Rxe7+ Kxe7 29. Qb7+ Kf6 30. Rc7 Rad8 31. Rf7+ Kg5 32. Qxa7 Rd5 33. Qe3+ Kh5 34. Qh3+ Kg5 35. Qg3+ Kh5 36. Rg7 g5 37. Qh3# 1-0


[Site "https://www.chess.com"]

[Event "Titled Tuesday Blitz November 15 Late 2022"]
[White "Tang, Andrew"]
[Black "Steinberg, Nitzan"]
[WhiteFideId "2059630"]
[BlackFideId "2801795"]
[WhiteElo "2581"]
[BlackElo "2491"]
[Result "1-0"]
[Round "07"]
[TimeControl "180+1"]
[Date "2022.11.15"]
[WhiteClock "0:00:38"]
[BlackClock "0:00:52"]

1. d4 Nf6 2. c4 g6 3. f3 Bg7 4. e4 d6 5. Nc3 O-O 6. Nge2 c5 7. d5 a6 8. a4 e6 9. Ng3 exd5 10. cxd5 Nbd7 11. Be2 h5 12. Bg5 Qb6 13. Qd2 Nh7 14. a5 Qa7 15. Be7 Qb8 16. Bxf8 Kxf8 17. f4 b5 18. e5 h4 19. Nge4 dxe5 20. d6 Bb7 21. O-O exf4 22. Rxf4 h3 23. Raf1 Bd4+ 24. Kh1 hxg2+ 25. Kxg2 f5 26. Bf3 Ne5 27. Rh4 Kg8 28. Qh6 Nf8 29. Qh8+ Kf7 30. Qf6+ 1-0


[Site "https://www.chess.com"]

[Event "Titled Tuesday Blitz November 15 Late 2022"]
[White "Tari, Aryan"]
[Black "Xiong, Jeffery"]
[WhiteFideId "1510045"]
[BlackFideId "2047640"]
[WhiteElo "2612"]
[BlackElo "2725"]
[Result "0-1"]
[Round "07"]
[TimeControl "180+1"]
[Date "2022.11.15"]
[WhiteClock "0:00:05"]
[BlackClock "0:00:35"]

1. e4 e6 2. d4 d5 3. Nc3 Nf6 4. e5 Nfd7 5. f4 c5 6. Nf3 Nc6 7. Be3 cxd4 8. Nxd4 Qb6 9. Qd2 Qxb2 10. Rb1 Qa3 11. Bb5 Nxd4 12. Bxd4 a6 13. Bxd7+ Bxd7 14. Rb3 Qe7 15. Rxb7 Qh4+ 16. g3 Qd8 17. O-O Rc8 18. Rfb1 Qa5 19. f5 Bc5 20. fxe6 Bxe6 21. R1b3 O-O 22. Kg2 Bxd4 23. Qxd4 Rc4 24. Qd3 d4 25. Ne4 Qxe5 26. Re7 Ra4 27. h4 Bh3+ 28. Kxh3 Qxe7 29. Ng5 g6 30. a3 h6 31. Ne4 Re8 32. Nf2 Qe2 33. Ng4 Kg7 34. Qxe2 Rxe2 35. Rb6 Rxa3 36. h5 gxh5 37. Nf6 Re5 38. Kh4 Raa5 39. Rd6 Re6 0-1


[Site "https://www.chess.com"]

[Event "Titled Tuesday Blitz November 15 Late 2022"]
[White "Taspinar, Yanki"]
[Black "Sjugirov, Sanan"]
[WhiteFideId "34561188"]
[BlackFideId "4189302"]
[WhiteElo "2225"]
[BlackElo "2611"]
[Result "0-1"]
[Round "07"]
[TimeControl "180+1"]
[Date "2022.11.15"]
[WhiteClock "0:00:51"]
[BlackClock "0:01:06"]

1. c4 e5 2. Nc3 Nf6 3. g3 Bb4 4. Bg2 Bxc3 5. dxc3 d6 6. Nf3 h6 7. O-O O-O 8. Nd2 a5 9. e4 Na6 10. a4 Nc5 11. b3 Be6 12. Qc2 Qd7 13. Re1 Bh3 14. Bh1 Nh7 15. Ba3 b6 16. Nf1 Rae8 17. Ne3 Ng5 18. b4 Nce6 19. c5 bxc5 20. bxc5 Nxc5 21. Bxc5 dxc5 22. Nc4 Bg4 23. Re3 f5 24. exf5 Rxf5 25. Bg2 Nh3+ 26. Bxh3 Bxh3 27. Qe4 Qf7 28. f4 Re7 29. Nxe5 Qe6 0-1


[Site "https://www.chess.com"]

[Event "Titled Tuesday Blitz November 15 Late 2022"]
[White "Ter-Sahakyan, Samvel"]
[Black "Nakamura, Hikaru"]
[WhiteFideId "13302531"]
[BlackFideId "2016192"]
[WhiteElo "2584"]
[BlackElo "2909"]
[Result "0-1"]
[Round "07"]
[TimeControl "180+1"]
[Date "2022.11.15"]
[WhiteClock "0:00:04"]
[BlackClock "0:00:19"]

1. d4 b6 2. c4 Bb7 3. f3 f5 4. Nc3 e6 5. a3 Bd6 6. Nh3 Nf6 7. Bf4 Bxf4 8. Nxf4 Qe7 9. e3 O-O 10. Be2 Nc6 11. O-O g5 12. Nd3 Qg7 13. d5 Na5 14. Nf2 Bc8 15. e4 d6 16. b4 Nb7 17. exf5 exf5 18. f4 g4 19. Qd4 Bd7 20. Bd3 a5 21. Nb5 Ne8 22. Qxg7+ Kxg7 23. Nd4 Kf6 24. Rfe1 Ng7 25. g3 h5 26. Kg2 h4 27. Reb1 Ra7 28. Nd1 Rfa8 29. Nc2 Ba4 30. Nde3 Nd8 31. b5 Bxc2 32. Nxc2 Nb7 33. Nd4 Nc5 34. Bc2 Re8 35. Re1 Raa8 36. Kf2 Rh8 37. Rh1 Rh6 38. Kg2 Rah8 39. Rae1 Rh5 40. Nb3 Na4 41. Nd4 Nb2 42. Ne6 hxg3 43. Nxg7 Kxg7 44. hxg3 Rxh1 45. Rxh1 Rxh1 46. Kxh1 Nxc4 47. a4 Kf6 48. Bb3 Nd2 49. Ba2 Ne4 50. Kg2 Nc5 0-1


[Site "https://www.chess.com"]

[Event "Titled Tuesday Blitz November 15 Late 2022"]
[White "Terry, Renato"]
[Black "Pultinevicius, Paulius"]
[WhiteFideId "3803457"]
[BlackFideId "12809390"]
[WhiteElo "2577"]
[BlackElo "2493"]
[Result "0-1"]
[Round "07"]
[TimeControl "180+1"]
[Date "2022.11.15"]
[WhiteClock "0:00:01"]
[BlackClock "0:00:15"]

1. Nf3 Nf6 2. d4 e6 3. c4 d5 4. e3 Be7 5. b3 O-O 6. Bd3 b6 7. O-O Bb7 8. Bb2 a6 9. Nbd2 Nbd7 10. Qe2 Ne4 11. a3 c5 12. Rfd1 f5 13. cxd5 exd5 14. Ne5 Nxe5 15. dxe5 Qe8 16. f4 Qg6 17. Rac1 b5 18. Nf3 Rfd8 19. Qe1 h6 20. b4 d4 21. exd4 c4 22. Bb1 Bd5 23. Qe2 a5 24. bxa5 Rxa5 25. Re1 Bxa3 26. Bxa3 Rxa3 27. Nh4 Qe6 28. Nxf5 Qxf5 29. Bxe4 Qxf4 30. Bxd5+ Rxd5 31. e6 Qxd4+ 32. Kh1 Rd8 33. e7 Re8 34. Rcd1 Rd3 35. Qe6+ Kh8 36. Rb1 Qd7 37. Qf7 c3 38. h3 Rd2 39. Rbc1 b4 40. Rf1 Rxe7 41. Qc4 Qd5 0-1


[Site "https://www.chess.com"]

[Event "Titled Tuesday Blitz November 15 Late 2022"]
[White "Thiel, Thomas"]
[Black "Shapiro, Daniel"]
[WhiteFideId "4615964"]
[BlackFideId "2001780"]
[WhiteElo "2233"]
[BlackElo "2313"]
[Result "0-1"]
[Round "07"]
[TimeControl "180+1"]
[Date "2022.11.16"]
[WhiteClock "0:00:01"]
[BlackClock "0:00:11"]

1. e4 e5 2. Nf3 Nc6 3. d4 exd4 4. Nxd4 d6 5. g3 Bd7 6. Bg2 Nf6 7. Nc3 Be7 8. O-O O-O 9. Re1 Re8 10. h3 h6 11. Be3 a6 12. Qd2 Ne5 13. b3 c5 14. Nf5 Bxf5 15. exf5 Rb8 16. Rad1 Bf8 17. Nd5 Nfd7 18. g4 Rc8 19. Bf4 Nc6 20. Rxe8 Qxe8 21. Re1 Qd8 22. Bg3 Nde5 23. f4 Nd7 24. g5 hxg5 25. fxg5 Nde5 26. f6 g6 27. Ne3 Nd4 28. Qf2 Ne6 29. h4 Nd4 30. Bh3 Ra8 31. Bg2 Rb8 32. c3 Nd3 33. Qd2 Nxe1 34. Qxe1 Nc6 35. Nd5 Ne5 36. Bxe5 dxe5 37. Qxe5 Qd6 38. Ne7+ Bxe7 39. Qxe7 Qxe7 40. fxe7 Re8 41. Bxb7 Rxe7 42. Bxa6 Ra7 43. Bc4 Rxa2 44. b4 Rc2 45. bxc5 Rxc3 46. Bf1 Rxc5 47. Kg2 Rc3 48. Be2 Kf8 49. Bf3 Ke7 50. Kg3 Kd6 51. Kg4 Ke5 52. Bg2 Rc4+ 53. Kg3 Rc3+ 54. Kg4 Ra3 0-1


[Site "https://www.chess.com"]

[Event "Titled Tuesday Blitz November 15 Late 2022"]
[White "Timmermans, Mark"]
[Black "Jobava, Baadur"]
[WhiteFideId "1026399"]
[BlackFideId "13601520"]
[WhiteElo "2460"]
[BlackElo "2582"]
[Result "0-1"]
[Round "07"]
[TimeControl "180+1"]
[Date "2022.11.15"]
[WhiteClock "0:00:17"]
[BlackClock "0:00:24"]

1. b4 b6 2. Bb2 Bb7 3. b5 e6 4. c4 Nf6 5. e3 c5 6. a4 d5 7. Nf3 Nbd7 8. Be2 Bd6 9. O-O O-O 10. d4 Qe7 11. Nbd2 Rac8 12. Rc1 Rfd8 13. Qc2 h6 14. Qb1 cxd4 15. Nxd4 Nc5 16. Qa1 Nfe4 17. Nxe4 dxe4 18. Rfd1 Qg5 19. g3 e5 20. h4 Qf6 21. Nc6 Bxc6 22. bxc6 Nb3 23. Qb1 Nxc1 24. Rxc1 Bb8 25. Qxe4 Qxc6 26. Qxc6 Rxc6 27. Bf3 Rcc8 28. Bd5 Bd6 29. f4 exf4 30. gxf4 Kf8 31. Kf2 f6 32. h5 Rc5 33. Kf3 Ra5 34. Rg1 Rxa4 35. Bxf6 gxf6 36. Rg8+ Ke7 37. Rg7+ Ke8 38. Bc6+ Kf8 39. Rh7 Rxc4 40. Bd5 Rc5 41. Rh8+ Ke7 42. Rh7+ Ke8 0-1


[Site "https://www.chess.com"]

[Event "Titled Tuesday Blitz November 15 Late 2022"]
[White "Tomiello, Lucas Costamilan"]
[Black "Winterberg, Lukas"]
[WhiteFideId "22701940"]
[BlackFideId "24622702"]
[WhiteElo "2085"]
[BlackElo "2349"]
[Result "0-1"]
[Round "07"]
[TimeControl "180+1"]
[Date "2022.11.16"]
[WhiteClock "0:00:11"]
[BlackClock "0:00:07"]

1. e4 e6 2. d4 d5 3. Nd2 c5 4. Ngf3 cxd4 5. Nxd4 Nf6 6. exd5 Nxd5 7. N2f3 Bb4+ 8. Bd2 O-O 9. Bd3 e5 10. Ne2 Qe7 11. Bc4 Nb6 12. Bb3 e4 13. Nfd4 e3 14. fxe3 Qh4+ 15. g3 Qe4 16. Rf1 a5 17. Bxb4 axb4 18. Qd2 Na6 19. O-O-O Nc5 20. Kb1 Nxb3 21. axb3 Bh3 22. Rf4 Qe5 23. Qxb4 Nd5 24. Qb5 Rfd8 25. e4 Be6 26. Nf3 Nc3+ 27. Nxc3 Rxd1+ 28. Nxd1 Qxb5 29. Nd4 Qa5 30. Kc1 Rd8 31. c3 h6 32. Ne3 Bd7 33. Nd5 Bc6 34. Ne7+ Kh8 35. Nexc6 bxc6 36. Nxc6 Qa1+ 37. Kc2 Qd1# 0-1


[Site "https://www.chess.com"]

[Event "Titled Tuesday Blitz November 15 Late 2022"]
[White "Urazayev, Arystanbek"]
[Black "Koutlas, Nikolaos"]
[WhiteFideId "13709810"]
[BlackFideId "25827138"]
[WhiteElo "2441"]
[BlackElo "2167"]
[Result "1-0"]
[Round "07"]
[TimeControl "180+1"]
[Date "2022.11.16"]
[WhiteClock "0:01:09"]
[BlackClock "0:01:08"]

1. e4 c5 2. Nf3 Nc6 3. Bb5 g6 4. O-O Bg7 5. c3 Nf6 6. e5 Nd5 7. d4 O-O 8. dxc5 Nc7 9. Bxc6 dxc6 10. h3 a5 11. Na3 Bf5 12. Be3 Nd5 13. Bd4 Qd7 14. Nc4 Rfd8 15. Re1 h6 16. e6 Bxe6 17. Bxg7 Kxg7 18. Qd4+ Kg8 19. Nfe5 Qc7 20. Nxg6 fxg6 21. Rxe6 Nf4 22. Qe4 Nxe6 23. Qxe6+ Kg7 24. Ne5 Rf8 25. Qxg6+ Kh8 26. Qxh6+ Kg8 27. Qg6+ Kh8 28. Re1 e6 29. Re4 Qh7 30. Qxe6 Rae8 31. Ng6+ Kg7 32. Qd7+ Kxg6 33. Rg4+ 1-0


[Site "https://www.chess.com"]

[Event "Titled Tuesday Blitz November 15 Late 2022"]
[White "Urbina Perez, Juan Antonio"]
[Black "Yuan, Qingyu"]
[WhiteFideId "2217368"]
[BlackFideId "8609772"]
[WhiteElo "2482"]
[BlackElo "2749"]
[Result "0-1"]
[Round "07"]
[TimeControl "180+1"]
[Date "2022.11.16"]
[WhiteClock "0:00:04"]
[BlackClock "0:00:13"]

1. e4 c6 2. d4 d5 3. e5 c5 4. dxc5 e6 5. a3 Bxc5 6. b4 Be7 7. Bb2 a5 8. b5 Nd7 9. Qg4 g6 10. Nf3 h5 11. Qf4 b6 12. Bd3 g5 13. Qe3 g4 14. Nd4 Bg5 15. Qe2 Ne7 16. O-O Qc7 17. Re1 Bb7 18. Nd2 Nc5 19. N2b3 Na4 20. Bc1 Nc3 21. Qf1 Rg8 22. Ne2 Qxe5 23. Nxc3 Qxc3 24. Qe2 Bf6 25. Bf4 Ng6 26. Bd6 O-O-O 27. Bxg6 Rxg6 28. Bf4 Qc4 29. Qd2 Bc3 30. Qe3 Bxa1 0-1


[Site "https://www.chess.com"]

[Event "Titled Tuesday Blitz November 15 Late 2022"]
[White "Vujic, Mihailo"]
[Black "Winkels, Marcel"]
[WhiteFideId "918873"]
[BlackFideId "1003887"]
[WhiteElo "2256"]
[BlackElo "1900"]
[Result "0-1"]
[Round "07"]
[TimeControl "180+1"]
[Date "2022.11.16"]
[WhiteClock "0:01:29"]
[BlackClock "0:01:10"]

1. e4 b6 2. d4 Bb7 3. Nc3 e6 4. Nf3 c5 5. d5 Nf6 6. Bc4 exd5 7. exd5 d6 8. Bb5+ Nbd7 9. O-O Be7 10. Re1 O-O 11. Bf4 a6 12. Bxd7 Qxd7 13. h3 b5 14. Ne4 Nxd5 15. Nfg5 Nxf4 16. Qf3 Bxg5 17. Rad1 Bxe4 18. Rxe4 Rae8 19. Rxf4 Bxf4 20. Qxf4 Re6 21. Rd5 Rfe8 22. Kh2 Re5 23. Rd3 Qe6 24. Rg3 g6 25. Qh6 Re2 26. f4 Rxc2 27. h4 Qf6 28. f5 Qg7 29. Qf4 Qe5 30. Qg5 Rxb2 31. h5 Rf2 32. hxg6 fxg6 33. Qh6 Rxf5 0-1


[Site "https://www.chess.com"]

[Event "Titled Tuesday Blitz November 15 Late 2022"]
[White "Wadsworth, Matthew J"]
[Black "Mickiewicz, Piotr"]
[WhiteFideId "415804"]
[BlackFideId "1114891"]
[WhiteElo "2367"]
[BlackElo "2246"]
[Result "1-0"]
[Round "07"]
[TimeControl "180+1"]
[Date "2022.11.16"]
[WhiteClock "0:01:34"]
[BlackClock "0:00:13"]

1. c4 g6 2. g3 Bg7 3. Bg2 Nf6 4. Nc3 O-O 5. Nf3 d6 6. O-O c5 7. d4 Nc6 8. dxc5 dxc5 9. Be3 Nd7 10. Qa4 Bxc3 11. bxc3 Qa5 12. Qb5 a6 13. Qb3 Qc7 14. Rfd1 Rb8 15. Ng5 Na5 16. Qa4 b5 17. cxb5 axb5 18. Qh4 Nf6 19. Rd5 Nc4 20. Rxc5 Qd6 21. Rc6 Nxe3 22. fxe3 1-0


[Site "https://www.chess.com"]

[Event "Titled Tuesday Blitz November 15 Late 2022"]
[White "Yanchenko, Roman"]
[Black "Tsydypov, Zhamsaran"]
[WhiteFideId "4137329"]
[BlackFideId "4108566"]
[WhiteElo "2489"]
[BlackElo "2591"]
[Result "1/2-1/2"]
[Round "07"]
[TimeControl "180+1"]
[Date "2022.11.15"]
[WhiteClock "0:01:55"]
[BlackClock "0:00:55"]

1. d4 Nf6 2. c4 g6 3. Nf3 Bg7 4. Nc3 d5 5. e3 O-O 6. Be2 b6 7. O-O Bb7 8. b3 dxc4 9. Bxc4 c5 10. Bb2 Nbd7 11. dxc5 Nxc5 12. Qxd8 Rfxd8 13. Rad1 e6 14. Nb5 a6 15. Nd6 Bxf3 16. gxf3 b5 17. Bxf6 Bxf6 18. Be2 Be7 19. Ne4 Rdc8 20. Rc1 Nxe4 21. fxe4 Ba3 22. Rxc8+ Rxc8 23. Bd3 g5 24. h3 Kg7 25. Kg2 Rc3 26. Rd1 Bc5 27. Kf3 h6 28. Ke2 Kf6 29. Rd2 Bb6 30. Rc2 Rxc2+ 1/2-1/2


[Site "https://www.chess.com"]

[Event "Titled Tuesday Blitz November 15 Late 2022"]
[White "Zhigalko, Sergei"]
[Black "Andreikin, Dmitry"]
[WhiteFideId "13502956"]
[BlackFideId "4158814"]
[WhiteElo "2662"]
[BlackElo "2736"]
[Result "1/2-1/2"]
[Round "07"]
[TimeControl "180+1"]
[Date "2022.11.15"]
[WhiteClock "0:00:08"]
[BlackClock "0:00:14"]

1. e4 d6 2. d4 Nf6 3. Nc3 g6 4. Nf3 Bg7 5. Be3 O-O 6. h3 Nc6 7. d5 Nb4 8. a3 Na6 9. Bxa6 bxa6 10. O-O Bb7 11. Nd4 Qd7 12. Qd2 e6 13. Nb3 exd5 14. exd5 Rae8 15. Bxa7 Ne4 16. Nxe4 Rxe4 17. Bd4 Bxd4 18. Nxd4 Bxd5 19. Rfe1 Rfe8 20. Rxe4 Rxe4 21. Re1 c5 22. Rxe4 Bxe4 23. Ne2 Qb7 24. f3 Bf5 25. c3 Qb6 26. Nf4 Be6 27. Nxe6 fxe6 28. Qg5 Kf7 29. Qf4+ Kg7 30. Qh4 Qb7 31. b4 cxb4 32. axb4 e5 33. Qc4 h5 34. Kh2 Qf7 35. Qxa6 Qf4+ 36. Kh1 Qc1+ 37. Kh2 Qf4+ 38. Kg1 Qe3+ 39. Kh2 Qf4+ 1/2-1/2


[Site "https://www.chess.com"]

[Event "Titled Tuesday Blitz November 15 Late 2022"]
[White "vjecspec"]
[Black "Prithu Gupta"]
[BlackFideId "46618546"]
[WhiteElo "2527"]
[BlackElo "2344"]
[Result "1-0"]
[Round "07"]
[TimeControl "180+1"]
[Date "2022.11.16"]
[WhiteClock "0:00:23"]
[BlackClock "0:00:01"]

1. e4 e5 2. Nf3 Nc6 3. Bb5 g6 4. c3 a6 5. Ba4 Bg7 6. d4 exd4 7. cxd4 b5 8. Bc2 d6 9. h3 Nf6 10. Nc3 O-O 11. O-O Bb7 12. Re1 Re8 13. Rb1 Nb4 14. d5 Nxc2 15. Qxc2 c6 16. dxc6 Bxc6 17. Bf4 Rc8 18. Qd3 d5 19. e5 Ne4 20. Ne2 Bb7 21. Ned4 Qb6 22. Rbc1 h6 23. h4 Kh7 24. b4 Rc4 25. Rxc4 bxc4 26. Qb1 Bc8 27. a3 Bg4 28. Qc1 a5 29. bxa5 Qxa5 30. Nd2 Nc5 31. Nc6 Qb6 32. Nb4 Rd8 33. Be3 d4 34. Nxc4 Qe6 35. Bf4 Rb8 36. Nd6 Nb3 37. Qc2 Bf5 38. Nxf5 gxf5 39. g4 Rc8 40. Qxf5+ Qxf5 41. gxf5 Bf8 42. e6 fxe6 43. fxe6 Bxb4 44. axb4 d3 45. e7 Re8 46. Bd6 d2 47. Rd1 Kg6 48. Kf1 Kf5 49. Ke2 Ke6 50. Bc5 Nxc5 51. bxc5 Rxe7 52. Rxd2 Kf5+ 53. Kf3 1-0


[Site "https://www.chess.com"]

[Event "Titled Tuesday Blitz November 15 Late 2022"]
[White "Aggelis, Nikolaos"]
[Black "Shapiro, Daniel"]
[WhiteFideId "4213220"]
[BlackFideId "2001780"]
[WhiteElo "2189"]
[BlackElo "2319"]
[Result "1-0"]
[Round "08"]
[TimeControl "180+1"]
[Date "2022.11.16"]
[WhiteClock "0:00:58"]
[BlackClock "0:00:01"]

1. Nf3 Nf6 2. g3 d5 3. Bg2 e6 4. O-O Be7 5. d4 c6 6. c4 b6 7. Nbd2 O-O 8. b3 Ba6 9. Bb2 Nbd7 10. Ne5 Nxe5 11. dxe5 Nd7 12. e4 dxc4 13. Nxc4 Nc5 14. Qc2 Qd3 15. Rfc1 Rfd8 16. Bf1 Qxe4 17. Bg2 Qxc2 18. Rxc2 Rac8 19. Ba3 Kf8 20. Rac1 Nd3 21. Bxe7+ Kxe7 22. Nd6 Nxc1 23. Nxc8+ Bxc8 24. Rxc1 c5 25. b4 cxb4 26. Rc7+ Kf8 27. Bc6 a5 28. Bb5 h5 29. f4 f6 30. Kf2 fxe5 31. fxe5 a4 32. Bxa4 Ba6 33. Bb3 Rd2+ 34. Ke3 Rxh2 35. Bxe6 g5 36. Rf7+ Ke8 37. Rg7 h4 38. Rxg5 hxg3 39. Rxg3 Rc2 40. Kd4 Rc5 41. Bd5 Bb5 42. Rg7 Ba4 43. Rb7 Bc6 44. Rxb6 Rxd5+ 45. Kc4 1-0


[Site "https://www.chess.com"]

[Event "Titled Tuesday Blitz November 15 Late 2022"]
[White "Alekseenko, Kirill"]
[Black "Ter-Sahakyan, Samvel"]
[WhiteFideId "4135539"]
[BlackFideId "13302531"]
[WhiteElo "2682"]
[BlackElo "2584"]
[Result "0-1"]
[Round "08"]
[TimeControl "180+1"]
[Date "2022.11.15"]
[WhiteClock "0:00:02"]
[BlackClock "0:00:09"]

1. e4 c6 2. d4 d5 3. e5 Bf5 4. c4 e6 5. Nc3 Bb4 6. cxd5 cxd5 7. Bd3 Ne7 8. Ne2 Nbc6 9. O-O O-O 10. Be3 Rc8 11. a3 Bxc3 12. Nxc3 h6 13. g4 Bxd3 14. Qxd3 f5 15. exf6 Rxf6 16. f4 Qd7 17. Kh1 Rcf8 18. Rg1 Na5 19. Raf1 Nc4 20. Bc1 Nd6 21. h4 h5 22. gxh5 Nef5 23. Rg5 Qf7 24. Rfg1 Rh6 25. Qd1 Ne8 26. Rg6 Nf6 27. R1g5 Kh8 28. Kh2 Nxh4 29. f5 Nxg6 30. fxg6 Qc7+ 31. Re5 Nd7 32. Bxh6 Nxe5 33. Kh1 Nf3 34. Qe2 gxh6 35. Qg2 Kg7 36. Ne2 Qc2 37. Qg3 Qd1+ 38. Kg2 Qxe2+ 39. Kh3 Qh2+ 0-1


[Site "https://www.chess.com"]

[Event "Titled Tuesday Blitz November 15 Late 2022"]
[White "Alexikov, Alexander"]
[Black "Szente Varga, Fruzsina"]
[WhiteFideId "14103958"]
[BlackFideId "712264"]
[WhiteElo "2222"]
[BlackElo "1994"]
[Result "0-1"]
[Round "08"]
[TimeControl "180+1"]
[Date "2022.11.16"]
[WhiteClock "0:00:01"]
[BlackClock "0:00:05"]

1. e4 e5 2. Nf3 Nc6 3. c3 Nf6 4. d4 d6 5. Bb5 exd4 6. cxd4 Bd7 7. Nc3 a6 8. Bd3 Be7 9. O-O O-O 10. h3 Nb4 11. Bb1 c5 12. d5 a5 13. a3 Na6 14. Qd3 g6 15. Bh6 Re8 16. e5 dxe5 17. Nxe5 Bf8 18. Bxf8 Kxf8 19. Nxd7+ Qxd7 20. Ba2 Nc7 21. Rad1 Re5 22. d6 Ne6 23. Qf3 Kg7 24. Bxe6 Rxe6 25. Rd2 Rxd6 26. Rxd6 Qxd6 27. Qxb7 Rb8 28. Qa7 Rxb2 29. Qxa5 Rc2 30. Nd1 Ne4 31. Ne3 Ra2 32. Qa4 Qf4 33. Nd5 Qe5 34. Qc6 Qd4 35. Nc7 Nxf2 36. Kh2 Qf4+ 37. Kg1 Nxh3+ 38. Kh1 Qxf1+ 39. Kh2 Nf4 40. Ne8+ Kf8 0-1


[Site "https://www.chess.com"]

[Event "Titled Tuesday Blitz November 15 Late 2022"]
[White "Ali Abdullahi, Farah"]
[Black "Hajiyev, Kanan"]
[WhiteFideId "16100212"]
[BlackFideId "13404148"]
[WhiteElo "2346"]
[BlackElo "2118"]
[Result "0-1"]
[Round "08"]
[TimeControl "180+1"]
[Date "2022.11.16"]
[WhiteClock "0:00:17"]
[BlackClock "0:00:33"]

1. b3 Nf6 2. Bb2 g6 3. e3 Bg7 4. Nf3 O-O 5. Be2 a5 6. a3 a4 7. b4 b6 8. d4 Bb7 9. c4 d5 10. Nc3 e6 11. Nxa4 dxc4 12. Nc3 c5 13. Bxc4 cxd4 14. Qxd4 Qxd4 15. exd4 Bxf3 16. gxf3 Rd8 17. Nb5 Nc6 18. h4 Rac8 19. Be2 Nh5 20. Rb1 Nxd4 21. Bxd4 Bxd4 22. Nxd4 Rxd4 23. a4 Rc2 24. a5 bxa5 25. bxa5 Rdd2 26. Bb5 Nf4 27. O-O Nh3+ 28. Kg2 Nxf2 29. a6 h5 30. Kg3 e5 31. a7 Ra2 32. Ba4 Nd3 33. a8=Q+ Kg7 34. Rg1 Nf4 0-1


[Site "https://www.chess.com"]

[Event "Titled Tuesday Blitz November 15 Late 2022"]
[White "Andronescu, Madalin"]
[Black "Liu, Kelsey"]
[WhiteFideId "1217275"]
[BlackFideId "30944481"]
[WhiteElo "1946"]
[BlackElo "2277"]
[Result "0-1"]
[Round "08"]
[TimeControl "180+1"]
[Date "2022.11.16"]
[WhiteClock "0:00:28"]
[BlackClock "0:01:28"]

1. e4 c5 2. Nf3 e6 3. d4 cxd4 4. Nxd4 Nc6 5. Be3 Nf6 6. Be2 Nxe4 7. O-O Be7 8. Nc3 Nxc3 9. bxc3 d5 10. Bd3 Bd7 11. Qg4 Bf6 12. Rae1 Ne5 13. Qg3 Nxd3 14. cxd3 O-O 15. Bh6 Kh8 16. Bf4 Rc8 17. Bd6 Re8 18. Ne2 e5 19. d4 e4 20. Rb1 b6 21. Rfe1 Ba4 22. Bb4 Bc2 23. Rb2 Bd3 24. Nf4 Bc4 25. Nh5 Rg8 26. f3 Bh4 27. Qe5 Bxe1 28. Be7 Qe8 29. fxe4 Bxc3 30. Rf2 Bxd4 31. Qxd4 Qxe7 0-1


[Site "https://www.chess.com"]

[Event "Titled Tuesday Blitz November 15 Late 2022"]
[White "Arbunic Castro, Giovanna"]
[Black "Young, Ryan"]
[WhiteFideId "3400549"]
[BlackFideId "2049945"]
[WhiteElo "1952"]
[BlackElo "2295"]
[Result "1-0"]
[Round "08"]
[TimeControl "180+1"]
[Date "2022.11.16"]
[WhiteClock "0:01:10"]
[BlackClock "0:00:01"]

1. e4 e5 2. d4 exd4 3. Qxd4 Nc6 4. Qe3 Nf6 5. Nc3 Bb4 6. Bd2 O-O 7. O-O-O Re8 8. f3 d6 9. g4 a5 10. g5 Nd7 11. h4 a4 12. a3 Bc5 13. Qf4 Nf8 14. h5 Ne6 15. Qg3 Rb8 16. f4 Bd7 17. h6 g6 18. Nd5 Kh8 19. Bc3+ Bd4 20. f5 Nxg5 21. Rxd4 Ne5 22. f6 c6 23. Ne7 Ne6 24. Rxd6 Nd3+ 25. Bxd3 Qc7 26. e5 b5 27. Nxg6+ hxg6 28. Bxg6 1-0


[Site "https://www.chess.com"]

[Event "Titled Tuesday Blitz November 15 Late 2022"]
[White "Arnold, Ken"]
[Black "Bouget, Alexandre"]
[WhiteFideId "2056836"]
[BlackFideId "681318"]
[WhiteElo "2350"]
[BlackElo "2177"]
[Result "1-0"]
[Round "08"]
[TimeControl "180+1"]
[Date "2022.11.16"]
[WhiteClock "0:01:06"]
[BlackClock "0:00:36"]

1. d4 Nf6 2. c4 e6 3. Nf3 d5 4. cxd5 exd5 5. Nc3 Be7 6. Bf4 O-O 7. e3 c6 8. h3 Re8 9. Bd3 Nbd7 10. O-O Nf8 11. Ne5 Ng6 12. Nxg6 hxg6 13. a3 Nh5 14. Bh2 Bd6 15. Qc2 Bxh2+ 16. Kxh2 Qh4 17. Rae1 f5 18. g3 Qf6 19. Be2 Qd6 20. h4 Nf6 21. Kg2 Kf7 22. Bf3 Rh8 23. Rh1 Be6 24. Ne2 Rac8 25. b4 b6 26. Nf4 Ne4 27. Nd3 g5 28. Ne5+ Kf6 29. Bxe4 fxe4 30. hxg5+ Kxg5 31. f4+ exf3+ 32. Nxf3+ Kf6 33. Ne5 Rxh1 34. Qg6+ Ke7 35. Qxg7+ Kd8 36. Rxh1 Bd7 37. Rh7 Be8 38. Qg5+ Qe7 39. Qxe7# 1-0


[Site "https://www.chess.com"]

[Event "Titled Tuesday Blitz November 15 Late 2022"]
[White "Avila Rodriguez, Joshua Ad"]
[Black "He, Samuel"]
[WhiteFideId "5126444"]
[BlackFideId "2087235"]
[WhiteElo "2125"]
[BlackElo "2617"]
[Result "1-0"]
[Round "08"]
[TimeControl "180+1"]
[Date "2022.11.16"]
[WhiteClock "0:00:30"]
[BlackClock "0:00:03"]

1. e4 e5 2. Nf3 Nc6 3. Bb5 Nf6 4. O-O Nxe4 5. d4 Nd6 6. Bxc6 dxc6 7. dxe5 Nf5 8. Qxd8+ Kxd8 9. h3 Bd7 10. Rd1 Kc8 11. g4 Ne7 12. Ng5 Be8 13. f4 h6 14. Nf3 h5 15. Nc3 c5 16. Be3 b6 17. Kf2 Bc6 18. Ng5 hxg4 19. hxg4 Rh2+ 20. Kg3 Rxc2 21. Nxf7 Rxb2 22. Nd8 Bd7 23. f5 Nc6 24. e6 Bd6+ 25. Bf4 Bxf4+ 26. Kxf4 Be8 27. Nxc6 Bxc6 28. e7 Kb7 29. Rd8 Be8 30. Rad1 Bf7 31. Rf8 Be8 32. Rd8 1-0


[Site "https://www.chess.com"]

[Event "Titled Tuesday Blitz November 15 Late 2022"]
[White "Bach, Matthias"]
[Black "Reprintsev, Alexander"]
[WhiteFideId "4603168"]
[BlackFideId "14100541"]
[WhiteElo "2165"]
[BlackElo "2230"]
[Result "0-1"]
[Round "08"]
[TimeControl "180+1"]
[Date "2022.11.16"]
[WhiteClock "0:00:20"]
[BlackClock "0:01:04"]

1. d4 d5 2. c4 e5 3. Nf3 e4 4. Nfd2 c6 5. e3 Be6 6. Nc3 Nd7 7. Be2 Ngf6 8. f4 exf3 9. Bxf3 Bd6 10. cxd5 cxd5 11. O-O O-O 12. e4 dxe4 13. Ndxe4 Nxe4 14. Nxe4 Be7 15. d5 Bf5 16. d6 Bh4 17. Qd5 Qb6+ 18. Kh1 Be6 19. Qh5 Bd8 20. Bg5 Bxg5 21. Nxg5 Nf6 22. Qh4 h6 23. Nxe6 fxe6 24. Rad1 Rad8 25. Qg3 Qxb2 26. Qg6 e5 27. d7 Qxa2 28. Be4 Qf7 29. Rxf6 Qxf6 30. Qh7+ Kf7 31. h3 Rh8 32. Bd5+ Ke7 33. Qe4 Rxd7 34. Re1 Rhd8 35. Bxb7 Rd1 36. Qb4+ Qd6 0-1


[Site "https://www.chess.com"]